 Dungeon Crawl Stone Soup version 0.31.0-9-g3a7656b989 (webtiles) character file.

Game seed: 11429614061666824028

3150 cdecastro the Grappler (level 9, -3/96 HPs)
             Began as a Grey Draconian Shapeshifter on Jan 24, 2024.
             Was a Priest of Lugonu.
             Slain by a gnoll sergeant
             ... wielding a +0 trident
              (4 damage)
             ... on level 8 of the Dungeon.
             The game lasted 00:11:53 (7092 turns).

cdecastro the Grappler (DrSh)                       Turns: 7092, Time: 00:11:54

Health: -3/96      AC: 24    Str: 17    XL:     9   Next: 62%
Magic:  0/9        EV:  2    Int: 10    God:    Lugonu [***...]
Gold:   454        SH:  0    Dex: 15    Spells: 8/8 levels left

rFire   . .          .
                       - Unarmed
rCold   . . .        (no shield)
rNeg    . . .        (body armour unavailable)
rPois   +            (helmet currently unavailable)
rElec   .            y - melded +0 cloak
rCorr   .            (gloves currently unavailable)
SInv    .            o - melded +2 pair of boots
Will    .....        K - amulet of guardian spirit
Stlth   +            (no ring)
HPRegen 0.36/turn    (no ring)
MPRegen 0.11/turn

%: guardian spirit
@: lethally poisoned (-3 -> -5), tree-form
A: stationary, stasis, torment immunity, boosted hp, AC +12, (amphibious),
unfitting armour, (cold-blooded)
a: Renounce Religion, Depart the Abyss, Banish


You were on level 8 of the Dungeon.
You worshipped Lugonu.
Lugonu was most pleased with you.
You were a tree.
You visited 2 branches of the dungeon, and saw 9 of its levels.

You collected 454 gold pieces.

Inventory:

Missiles
 B - a throwing net (quivered)
 E - 3 poisoned darts
 Q - a boomerang
Armour
 o - a +2 pair of boots (melded)
 y - a +0 cloak (melded)
 z - a scarf of shadows
Magical Staves
 v - a staff of alchemy
 G - a staff of fire
Jewellery
 K - an amulet of guardian spirit (around neck)
Talismans
 b - a beast talisman
 c - a flux talisman (active)
 I - a blade talisman
Wands
 a - a wand of flame (37)
 p - a wand of polymorph (25)
 C - a wand of iceblast (9)
Scrolls
 d - a scroll of summoning {unknown}
 f - 2 scrolls of revelation {unknown}
 g - 5 scrolls of identify
 h - 2 scrolls of enchant weapon
 i - a scroll of fear {unknown}
 k - a scroll of enchant armour {unknown}
 m - 2 scrolls of vulnerability {unknown}
 n - 2 scrolls of fog
 r - 2 scrolls of torment
 w - a scroll of noise {unknown}
 H - a scroll of blinking {unknown}
 J - a scroll of immolation {unknown}
 N - a scroll of amnesia {unknown}
 O - a scroll of poison {unknown}
Potions
 e - 2 potions of attraction
 l - 4 potions of mutation
 s - a potion of might
 t - 3 potions of resistance {unknown}
 u - 2 potions of invisibility {unknown}
 x - 2 potions of curing {unknown}
 A - 2 potions of berserk rage {unknown}
 F - a potion of enlightenment {unknown}
 L - a potion of heal wounds {unknown}
 M - a potion of haste {unknown}


   Skills:
 - Level 1.1 Fighting
 - Level 1.7 Dodging
 * Level 11.4 Unarmed Combat
 + Level 7.8 Shapeshifting


You had 8 spell levels left.
You didn't know any spells.
Your spell library contained the following spells:

 Spells                   Type           Power      Damage    Failure   Level
 Apportation              Tloc           0%         N/A       36%         1
 Foxfire                  Conj/Fire      0%         2x1d4     36%         1
 Magic Dart               Conj           0%         1d3       36%         1
 Necrotise                Necr           0%         1d4       36%         1
 Sandblast                Erth           0%         2d4       36%         1
 Sting                    Conj/Alch      0%         1d3       36%         1
 Summon Small Mammal      Summ           0%         N/A       36%         1
 Searing Ray              Conj           0%         2d4       50%         2
 Passwall                 Erth           0%         N/A       75%         3
 Stone Arrow              Conj/Erth      0%         3d7       75%         3
 Tukima's Dance           Hex            0%         N/A       75%         3
 Vampiric Draining        Necr           0%         2d6       75%         3
 Brom's Barrelling Bould  Conj/Erth      0%         2d3       98%         4
 Dimensional Bullseye     Hex/Tloc       0%         N/A       98%         4
 Fulminant Prism          Conj/Alch      0%         3d5       98%         4
 Iskenderun's Mystic Bla  Conj/Tloc      0%         2d3       98%         4
 Martyr's Knell           Necr/Summ      0%         N/A       98%         4
 Curse of Agony           Necr           0%         N/A       100%        5
 Plasma Beam              Fire/Air       0%         2x1d10    100%        6
 Starburst                Conj/Fire      0%         6d3       100%        6


Dungeon Overview and Level Annotations

Branches:
Dungeon (8/15)             Temple (1/1) D:4
   Lair: D:8-11

Altars:
Ashenzari
Cheibriados
Elyvilon
Fedhas
Kikubaaqudgha
Makhleb
Nemelex Xobeh
Okawaru
Qazlal
Ru
Sif Muna
Trog
Uskayaw
Vehumet
Wu Jian
Xom
Yredelemnul
Zin
The Shining One
Lugonu

Annotations:
D:7 2 transporters, Zeia's ghost, novice GnWn


Innate Abilities, Weirdness & Mutations

You are a tree.
Your roots penetrate the ground, keeping you stationary.
You cannot be teleported.
You are immune to unholy pain and torment.
Your maximum health is greatly increased.
Your equipment is partially melded.
((Your dull iron-grey scales are very hard. (AC +12)))
((You are amphibious.))
You cannot fit into any form of body armour.
((You are cold-blooded and may be slowed by cold attacks.))


Message History

The wyvern bites you but does no damage.
The gnoll sergeant closely misses you. The water moccasin bites you.
* * * LOW HITPOINT WARNING * * *
You are poisoned.
The water moccasin poisons you!
Okay, then.
Unknown command.
Your transformation has ended.
You turn into a tree.
Your +0 cloak melds into your body.
Your +2 pair of boots melds into your body.
Your roots penetrate the ground.
You feel sick.
The wyvern bites you but does no damage.
The water moccasin bites you but does no damage.
The wyvern bites you but does no damage.
The gnoll hits you but does no damage.
The gnoll sergeant hits you but does no damage.
Unknown command.
Unknown command.
Unknown command.
Unknown command.
You pummel the water moccasin!!
You kill the water moccasin!
Lugonu accepts your kill.
You feel sick.
The wyvern bites you but does no damage.
The gnoll barely misses you.
The gnoll sergeant hits you from afar with a +0 trident!
* * * LOW HITPOINT WARNING * * *
You barely miss the wyvern.
The wyvern is heavily wounded.
You feel sick.
The wyvern bites you but does no damage.
You smack the wyvern!
The wyvern is almost dead.
You feel sick. The wyvern bites you.
* * * LOW HITPOINT WARNING * * *
The gnoll hits you but does no damage. x2
A gnoll comes into view. It is wielding a +0 halberd.
The gnoll sergeant hits you from afar with a +0 trident.
You die...

.....).......
...........##. ..#
...........#..##.# g
...........#.....### ..
...................##...
.....#...##.........g...
.....##.###.. #§§§g§....
......#..##.###§kgg§....
...).....#..##.§♣§g.....
....##..###.##§####+#...
...####.....#..# ..##
###.#.#..# .##
#####...#..#
#####.##.......#
........##.....#
#.####..##.........
#.####.......######


You could see a wyvern, a gnoll sergeant and 3 gnolls.

Vanquished Creatures
  Joseph (D:8)
  Sigmund (D:2)
  Eustachio (D:4)
  An acid dragon (D:4)
  3 water moccasins
  An orc warrior (D:7)
  2 ice beasts
  A sky beast (D:6)
  A black bear (D:5)
  A centaur (D:5)
  3 ogres
  2 phantoms
  2 gnoll sergeants
  Dowan (D:4)
  A howler monkey (D:5)
  2 bombardier beetles
  2 hounds (D:6)
  2 orc priests
  3 jellies
  A gnoll bouda (D:6)
  2 sleepcaps
  Jessica (D:3)
  An iguana (D:7)
  3 orc wizards
  23 gnolls
  15 adders
  2 white imps
  4 dart slugs
  17 orcs
  2 bat zombies (D:3)
  6 endoplasms
  6 giant cockroaches
  8 hobgoblins
  8 jackals
  2 quokkas (D:1)
  13 ball pythons
  4 bats
  7 frilled lizards
  2 frilled lizard zombies (D:3)
  7 goblins
  8 kobolds
  4 rats
177 creatures vanquished.

Notes
Turn   | Place    | Note
-------+----------+-------------------------------------------
     0 | D:1      | cdecastro the Draconian Shapeshifter began the quest for
                  | the Orb.
     0 | D:1      | Reached XP level 1. HP: 16/16 MP: 1/1
   205 | D:1      | Reached XP level 2. HP: 23/23 MP: 2/2
   405 | D:1      | Reached XP level 3. HP: 28/28 MP: 3/3
   573 | D:1      | Reached skill level 4 in Unarmed Combat
   787 | D:2      | Noticed Sigmund
   794 | D:2      | Killed Sigmund
   795 | D:2      | Reached skill level 5 in Unarmed Combat
   795 | D:2      | Reached XP level 4. HP: 31/35 MP: 4/4
   795 | D:2      | Reached XP level 5. HP: 36/40 MP: 5/5
  1415 | D:3      | Noticed Jessica
  1450 | D:3      | Found a faded altar of an unknown god.
  1478 | D:3      | Found an ancient bone altar of Kikubaaqudgha.
  1542 | D:3      | Reached XP level 6. HP: 47/47 MP: 6/6
  1648 | D:3      | Killed Jessica
  1713 | D:3      | Reached skill level 6 in Unarmed Combat
  2065 | D:3      | Found a bloodstained altar of Trog.
  2232 | D:3      | Prayed at the altar of an unknown god.
  2232 | D:3      | Became a worshipper of Lugonu the Unformed
  2232 | D:3      | Reached * piety under Lugonu
  2341 | D:4      | Noticed Dowan
  2579 | D:4      | Killed Dowan
  2668 | D:4      | Noticed Duvessa
  2669 | D:4      | Duvessa changed into Duvessa the acid dragon
  2669 | D:4      | Noticed Duvessa
  2683 | D:4      | Killed Duvessa the acid dragon
  2684 | D:4      | Reached skill level 7 in Unarmed Combat
  2684 | D:4      | Reached skill level 5 in Shapeshifting
  2684 | D:4      | Your scales start taking on a dull iron-grey colour.
  2684 | D:4      | Reached XP level 7. HP: 52/52 MP: 7/7
  2740 | D:4      | Found a staircase to the Ecumenical Temple.
  2752 | Temple   | Entered the Ecumenical Temple
  3510 | D:5      | Entered Level 5 of the Dungeon
  3510 | D:5      | Noticed Eustachio
  3528 | D:4      | Killed Eustachio
  3597 | D:5      | Reached ** piety under Lugonu
  3746 | D:5      | Found a white marble altar of Elyvilon.
  3758 | D:5      | Reached skill level 8 in Unarmed Combat
  3799 | D:5      | Reached XP level 8. HP: 41/59 MP: 8/8
  4325 | D:5      | Reached skill level 9 in Unarmed Combat
  4365 | D:5      | Found a radiant altar of Vehumet.
  4774 | D:6      | Found a stormy altar of Qazlal.
  5144 | D:6      | Reached skill level 10 in Unarmed Combat
  5254 | D:6      | Reached XP level 9. HP: 64/64 MP: 9/9
  6140 | D:7      | Found a transporter.
  6158 | D:7      | Noticed Zeia's ghost (novice GnWn)
  6161 | D:7      | Found a transporter.
  6279 | D:7      | Reached *** piety under Lugonu
  6976 | D:8      | Reached skill level 11 in Unarmed Combat
  7076 | D:8      | Noticed Joseph
  7088 | D:8      | Killed Joseph
  7092 | D:8      | HP: 4/96 [poisoned by a water moccasin]
  7092 | D:8      | HP: 1/96 [wyvern (3)]
  7092 | D:8      | Slain by a gnoll sergeant

Illustrated notes

Levels and vault maps discovered:
D:1:      minmay_arrival_up_and_down, layout_loops_ring, st_stairs_11,
          minmay_small_reverse_x
D:2:      kennysheep_six_static_rooms, layout_loops_ring, minivault_14,
          feat_on_display, uniq_sigmund
D:3:      layout_basic, lemuel_zombie_altar_kikubaaqudgha, trog_book,
          dreamdust_ecumenical_altar_statues, uniq_jessica
D:4:      layout_basic, minmay_temple_entry_waves, uniq_duvessa
D:5:      layout_loops_cross, mainiacjoe_overflow_chevrons,
          mainiacjoe_overflow_alcove_2, uniq_eustachio
D:6:      layout_basic, mainiacjoe_overflow_concentric_impassable,
          dreamdust_gnoll_farm
D:7:      layout_loops_corners, nzn_ghost_randoct,
          amcnicky_mini_corridor_feature
D:8:      layout_cave_pools, nicolae_hepliaklqana_hazy_memory,
          general_overflow_altar, serial_shops,
          nicolae_shop_pleasant_corner_grove, nicolae_take_the_stairs, shop,
          shop, guppyfry_shop_venom, uniq_joseph
Temple:   eino_temple_water

Skill      XL: |  1  2  3  4  5  6  7  8  9 |
---------------+----------------------------+-----
Unarmed Combat | 5 7 8 10 11 | 11.4
Shapeshifting  | 4 5 6 7 |  7.8
Fighting       | |  1.1
Dodging        | |  1.7

Action                     |  1- 3 |  4- 6 |  7- 9 || total
---------------------------+-------+-------+-------++-------
  Melee: Unarmed           |    89 |   129 |   292 ||   510
         Tailslap          |    14 |    10 |    42 ||    66
         Punch             |     3 |     4 |    13 ||    20
  Evoke: Wand              |       |     1 |       ||     1
    Use: Scroll            |       |     4 |     2 ||     6
         Potion            |       |     1 |     1 ||     2
   Stab: Sleeping          |     1 |       |     2 ||     3
 Armour: Skin              |    42 |    72 |   182 ||   296
  Dodge: Dodged            |    43 |    59 |   163 ||   265
   Form: Flux              |       |       |     1 ||     1
